 Dungeon Crawl Stone Soup version 0.25-a0-62-g88673ef095 (webtiles) character file.

Game seed: 7630274591809525880, levelgen mode: deterministic

67 BAPHOMET the Conjurer (level 3, -3/26 HPs)
             Began as a Demigod Conjurer on Oct 31, 2019.
             Slain by a white imp (4 damage)
             ... summoned by Natasha
             ... on level 2 of the Dungeon.
             The game lasted 00:16:16 (2026 turns).

BAPHOMET the Conjurer (Demigod Conjurer)            Turns: 2026, Time: 00:16:18

Health: -3/26      AC:  2    Str: 11    XL:     3   Next: 70%
Magic:  1/8        EV: 13    Int: 21    God:
Gold:   94         SH:  0    Dex: 16    Spells: 0/6 levels left

rFire    . . .     SeeInvis .   i - +0 dagger
rCold    . . .     Gourm    .   (no shield)
rNeg     . . .     Faith    .   a - +0 robe
rPois    .         Spirit   .   (no helmet)
rElec    .         Reflect  .   (no cloak)
rCorr    .         Harm     .   (no gloves)
MR       .....                  (no boots)
Stlth    ++........             (no amulet)
HPRegen  0.08/turn              (no ring)
MPRegen  0.11/turn              (no ring)

@: slowed, very slow
A: high mp 1
a: no special abilities


You were on level 2 of the Dungeon.
You were not hungry.

You visited 1 branch of the dungeon, and saw 2 of its levels.

You collected 94 gold pieces.

Inventory:

Hand Weapons
 i - a +0 dagger (weapon)
Missiles
 e - 107 stones
 h - 5 boomerangs (quivered)
Armour
 a - a +0 robe (worn)
Jewellery
 j - an uncursed amulet of rage {unknown}
Scrolls
 d - a scroll of enchant armour
 f - a scroll of magic mapping
Potions
 b - a potion of haste {unknown}
 g - a potion of curing {unknown}


   Skills:
 + Level 2.0 Dodging
 + Level 2.5 Stealth
 + Level 2.0 Spellcasting
 + Level 4.5 Conjurations


You couldn't memorise any spells.
You knew the following spells:

 Your Spells              Type           Power        Failure   Level  Hunger
a - Magic Dart            Conj           ###.         2%          1    #......
b - Searing Ray           Conj           ###...       3%          2    ##.....
c - Dazzling Spray        Conj/Hex       ##....       17%         3    ###....

Your spell library contained the following spells:

 Spells                   Type           Power        Failure   Level  Hunger
 Static Discharge         Conj/Air       ##......     17%         3    ###....
 Iskenderun's Mystic Bla  Conj           ###.....     22%         4    #####..
 Force Lance              Conj/Tloc      ##......     50%         4    #####..
 Fulminant Prism          Conj/Hex       ##........   50%         4    #####..
 Lightning Bolt           Conj/Air       ##........   85%         5    ######.
 Ignition                 Fire           #.........   100%        8    #######
 Shatter                  Erth           #.........   100%        9    #######
 Tornado                  Air            #.........   100%        9    #######


Dungeon Overview and Level Annotations

Branches:
Dungeon (2/15)

Annotations:
D:2 Natasha


Innate Abilities, Weirdness & Mutations

You have an increased reservoir of magic. (+10% MP)


Message History

The white imp closely misses you.
You hit the white imp but do no damage.
The white imp is lightly wounded.
The white imp is no longer blind.
The white imp hits you. The white imp freezes you. The white imp hits you.
The white imp freezes you.
You hit the white imp.
The white imp is lightly wounded.
The white imp hits you.
* * * LOW HITPOINT WARNING * * *
The white imp freezes you.
* * * LOW HITPOINT WARNING * * *
The iron imp barely misses you.
Unknown command.
You hit the iron imp but do no damage.
Natasha is no longer blind.
Natasha howls an incantation.
Natasha glows brightly for a moment.
The white imp hits you.
* * * LOW HITPOINT WARNING * * *
The white imp freezes you.
You die...

..........##.#
..........#..# #........
............## #........
.............######........
...........................
..##.####....##............
..##.# ##..(...###........
.....#####..#...5h#........
.........#####..@5.........
.....###.#########5..######
.....###......# ##......
..............# #.......
########......# #........
#......# #........ ########
#........ #.)......


You could see an iron imp, Natasha and 2 white imps.

Vanquished Creatures
  2 adders (D:2)
  3 worms (D:2)
  A dart slug (D:1)
  2 leopard geckos (D:1)
  4 giant cockroaches
  4 hobgoblins
  3 jackals (D:1)
  2 ball pythons
  A bat (D:1)
  2 frilled lizards (D:2)
  6 goblins
  4 kobolds
  3 rats
37 creatures vanquished.

Notes
Turn   | Place    | Note
-------+----------+-------------------------------------------
     0 | D:1      | BAPHOMET the Demigod Conjurer began the quest for the Orb.
     0 | D:1      | Reached XP level 1. HP: 14/14 MP: 5/5
   403 | D:1      | Reached skill level 4 in Conjurations
   403 | D:1      | Reached XP level 2. HP: 20/20 MP: 5/7
   407 | D:1      | Learned a level 2 spell: Searing Ray
  1408 | D:2      | Reached XP level 3. HP: 26/26 MP: 3/8
  1413 | D:2      | Learned a level 3 spell: Dazzling Spray
  2012 | D:2      | Noticed Natasha
  2026 | D:2      | HP: 1/26 [white imp[Natasha] (2)]
  2026 | D:2      | Slain by a white imp

Levels and vault maps discovered:
D:1:      matt_arrival_diagonals, layout_loops_ring
D:2:      layout_rooms, first_ration, st_stairs_1, uniq_robin, uniq_natasha

Skill      XL: |  1  2 |
---------------+-------+-----
Conjurations   | 4 |  4.5
Dodging        | 2 |  2.0
Stealth        | 2 |  2.5
Spellcasting   | 2 |  2.0

Action                   || total
-------------------------++-------
Melee: Unarmed           ||     2
       Dagger            ||    21
Throw: Stone             ||     3
 Cast: Magic Dart        ||    15
       Searing Ray       ||    30
       Dazzling Spray    ||     1
  Use: Scroll            ||     2
  Eat: Ration            ||     2
       Chunk             ||     1
Armor: Robe              ||     7
Dodge: Dodged            ||    31

Table legend:
 A = Non-vault XP
 B = Vault XP
 C = Vault XP percentage of total XP
 D = Non-vault monster count
 E = Vault monster count
 F = Vault count percentage of total count
                 A         B        C        D         E       F
            +---------+---------+-------+---------+---------+-------
      Total |      76 |      20 |  20.8 |      34 |       3 |   8.1
            +---------+---------+-------+---------+---------+-------
        D:1 |      38 |       0 |   0.0 |      21 |       0 |   0.0
        D:2 |      38 |      20 |  34.5 |      13 |       3 |  18.8
            +---------+---------+-------+---------+---------+-------
